 Dungeon Crawl Stone Soup version 0.29-a0-322-g68df515428 (webtiles) character file.

Game seed: 18442678400020510521

4 freelancePsychic the Chucker (level 1, 16/16 HPs)
             Began as a Draconian Wanderer on Apr 6, 2022.
             Quit the game on level 1 of the Dungeon.
             The game lasted 00:00:55 (198 turns).

freelancePsychic the Chucker (Draconian Wanderer)    Turns: 198, Time: 00:00:56

Health: 16/16      AC:  4    Str: 17    XL:     1   Next: 58%
Magic:  1/1        EV: 10    Int:  9    God:
Gold:   15         SH:  4    Dex: 10    Spells: 0/0 levels left

rFire   . . .      SeeInvis .   a - +0 dagger (vorpal)
rCold   . . .      Faith    .   d - +0 buckler
rNeg    . . .      Spirit   .   (body armour unavailable)
rPois   .          Reflect  .   (helmet restricted)
rElec   .          Harm     .   (no cloak)
rCorr   .          Rampage  .   (no gloves)
Will    .....                   (no boots)
Stlth   +.........              (no amulet)
HPRegen 0.05/turn               (no ring)
MPRegen 0.07/turn               (no ring)

@: no status effects
A: AC +4, unfitting armour, cold-blooded
a: no special abilities


You were on level 1 of the Dungeon.
You visited 1 branch of the dungeon, and saw 1 of its levels.

You collected 15 gold pieces.

Inventory:

Hand Weapons
 a - a +0 vorpal dagger (weapon)
 c - a +0 hand crossbow
Missiles
 b - 2 curare-tipped darts (quivered)
Armour
 d - a +0 buckler (worn)
Scrolls
 e - a scroll of blinking


   Skills:
 + Level 1.3 Fighting
 + Level 1.1 Crossbows
 + Level 3.6 Throwing
 + Level 2.1 Shields
 - Level 1.0 Invocations
 - Level 1.0 Evocations


You couldn't memorise any spells.
You didn't know any spells.
Your spell library was empty.

Dungeon Overview and Level Annotations

Branches:
Dungeon (1/15)

Altars:


Innate Abilities, Weirdness & Mutations

Your plain brown scales are hard. (AC +4)
You cannot fit into any form of body armour.
You are cold-blooded and may be slowed by cold attacks.


Message History

No target in view!
No target in view!
No target in view!
No target in view!
No target in view!
No target in view!
No target in view!
No target in view!
No target in view!
No target in view!
No target in view!
No target in view!
No target in view!
No target in view!
Found an escape hatch in the floor.
Found 22 stones.
You now have 15 gold pieces (gained 9).
A rat comes into view.
A rat is nearby!
Found a scroll labelled LAROFO YTESHEA.
The rat barely misses you.
You hit the rat but do no damage. The rat barely misses you.
You hit the rat but do no damage. The rat bites you but does no damage.
You hit the rat.
You kill the rat!
No target in view!
No target in view!
No target in view!
No target in view!
No target in view!
No target in view!
No target in view!
No target in view!
No target in view!
No target in view!
No target in view!
Save game and exit?
Welcome back, freelancePsychic the Draconian Wanderer.
Press ? for a list of commands and other information.
Are you sure you want to abandon this character and quit the game? (Confirm with "yes".)

#..........# #######
#.?........# #.....#
...........# #.....#
#..........####.....###
#....................##
##........#####....)#...
#..........####.....####
#......@.........#...##
............###.####..##
.....?......###.# ##..>
...........###..# #...
.........$......# #...
................# ##..
....##..........# #..
..#. #..........# #.. #
............# #..


There were no monsters in sight!

Vanquished Creatures
  An endoplasm (D:1)
  A goblin (D:1)
  A quokka (D:1)
  A rat (D:1)
4 creatures vanquished.

Notes
Turn   | Place    | Note
-------+----------+-------------------------------------------
     0 | D:1      | freelancePsychic the Draconian Wanderer began the quest for
                  | the Orb.
     0 | D:1      | freelancePsychic set off with the following items: a +0
                  | vorpal dagger, 2 curare-tipped darts, a +0 hand crossbow, a
                  | +0 buckler, a scroll of blinking
     0 | D:1      | Reached XP level 1. HP: 16/16 MP: 1/1
   198 | D:1      | Quit the game

Illustrated notes

Levels and vault maps discovered:
D:1:      dpeg_arrival_simpleton_c, layout_rooms,
          hellmonk_ecumenical_altar_arch_garden, minmay_misc_feat_enclosed

Action                   || total
-------------------------++-------
Melee: Dagger            ||    16
  Use: Scroll            ||     1
Armor: Skin              ||     5
Dodge: Dodged            ||     5
Block: Buckler           ||     4

Table legend: (Time is in decaauts)
 A = Elapsed time spent in this place.
 B = Non-inter-level travel time spent in this place.
 C = Inter-level travel time spent in this place.
 D = Time resting spent in this place.
 E = Time spent auto-exploring this place.
 F = Levels seen in this place.
 G = Mean time per level.
                   A        B        C        D        E       F      G
               +--------+--------+--------+--------+--------+-----+--------+
         Total |    199 |    199 |      0 |      0 |    154 |   1 |  199.0 |
       Dungeon |    199 |    199 |      0 |      0 |    154 |   1 |  199.0 |
               +--------+--------+--------+--------+--------+-----+--------+

Top non-repeatable levels by time:
     D:1: 199 daAuts
